 Dungeon Crawl Stone Soup version 0.32-a0-685-g93135e86f0 (webtiles) character file.

Game seed: 1112217448299384123

116 javelincjr the Grasshopper (level 4, 0/34 HPs)
             Began as a Demonspawn Warper on Mar 12, 2024.
             Slain by Natasha (3 damage)
             ... on level 3 of the Dungeon.
             The game lasted 00:05:50 (2056 turns).

javelincjr the Grasshopper (Demonspawn Warper)      Turns: 2056, Time: 00:05:51

Health: 0/34       AC:  5    Str: 13    XL:     4   Next: 70%
Magic:  0/7        EV: 12    Int: 17    God:
Gold:   135        SH:  0    Dex: 13    Spells: 4/8 levels left

rFire   . . .        a - +0 spear
rCold   . . .        (no shield)
rNeg    . . .        b - +0 leather armour
rPois   .            p - +0 helmet
rElec   .            (no cloak)
rCorr   .            (no gloves)
SInv    .            q - +0 pair of boots
Will    .....        j - amulet of guardian spirit
Stlth   +            (no ring)
HPRegen 0.25/turn    (no ring)
MPRegen 0.10/turn

%: guardian spirit
@: slowed, very slow
A: demonic guardian 1, big brain 2
a: no special abilities


You were on level 3 of the Dungeon.
You visited 1 branch of the dungeon, and saw 3 of its levels.

You collected 135 gold pieces.

Inventory:

Hand Weapons
 a - a +0 spear (weapon)
Missiles
 d - 7 darts of dispersal (quivered)
 r - 4 atropa-tipped darts
Armour
 b - a +0 leather armour (worn)
 p - a +0 helmet (worn)
 q - a +0 pair of boots (worn)
Jewellery
 j - an amulet of guardian spirit (around neck)
Scrolls
 c - a scroll of blinking
 e - 4 scrolls of identify {unknown}
 f - 2 scrolls of teleportation {unknown}
 k - a scroll of vulnerability {unknown}
 m - a scroll of acquirement {unknown}
Potions
 g - 2 potions of lignification {unknown}
 h - a potion of haste {unknown}
 i - a potion of heal wounds {unknown}
 l - a potion of cancellation {unknown}
 n - a potion of curing {unknown}
 o - a potion of magic {unknown}


   Skills:
 + Level 2.6 Fighting
 + Level 2.4 Polearms
 - Level 0.8 Throwing
 + Level 1.6 Armour
 + Level 2.4 Dodging
 + Level 2.6 Spellcasting
 + Level 3.1 Translocations


You had 4 spell levels left.
You knew the following spells:

 Your Spells              Type           Power      Damage    Failure   Level
a - Blink                 Tloc           26%        N/A       10%         2
b - Lesser Beckoning      Tloc           26%        N/A       10%         2

Your spell library contained the following spells:

 Spells                   Type           Power      Damage    Failure   Level
 Teleport Other           Tloc           13%        N/A       19%         3
 Manifold Assault         Tloc           13%        N/A       52%         4
 Dazzling Flash           Conj/Hex       4%         N/A       56%         3
 Frozen Ramparts          Ice            4%         1d1       56%         3
 Mephitic Cloud           Conj/Alch/Air  2%         N/A       56%         3
 Ozocubu's Armour         Ice            2%         N/A       56%         3
 Vhi's Electric Charge    Tloc/Air       14%        N/A       75%         4
 Curse of Agony           Necr           2%         N/A       100%        5
 Metabolic Englaciation   Hex/Ice        1%         N/A       100%        5
 Silence                  Hex/Air        1%         N/A       100%        5


Dungeon Overview and Level Annotations

Branches:
Dungeon (3/15)

Altars:

Annotations:
D:3 Natasha


Innate Abilities, Weirdness & Mutations

A weak demonic guardian rushes to your aid.
You have an extremely huge brain. (Int +4)


Message History

The cerulean imp hits you from afar with a +2 spear.
You closely miss Natasha.
Natasha is moderately wounded.
Natasha misses you. The cerulean imp barely misses you.
Natasha claws you but does no damage.
You barely miss Natasha.
Natasha is moderately wounded.
The cerulean imp hits you from afar with a +2 spear.
Natasha stares at you and mumbles some strange words.
You resist with some effort. The cerulean imp closely misses you.
You hit Natasha but do no damage.
Natasha is moderately wounded.
Natasha barely misses you. The cerulean imp barely misses you.
Natasha claws you.
You closely miss Natasha.
Natasha is moderately wounded.
The cerulean imp closely misses you. Natasha closely misses you.
The cerulean imp hits you from afar with a +2 spear.
You barely miss Natasha.
Natasha is moderately wounded.
Natasha barely misses you.
The cerulean imp hits you from afar with a +2 spear.
* * * LOW HITPOINT WARNING * * *
Natasha barely misses you.
You hit Natasha but do no damage.
Natasha is moderately wounded.
The cerulean imp hits you from afar with a +2 spear.
* * * LOW HITPOINT WARNING * * *
Natasha claws you but does no damage. The cerulean imp misses you.
You hit Natasha.
Natasha is heavily wounded.
Natasha extends her claws.
Natasha misses you. The cerulean imp misses you. Natasha claws you.
* * * LOW HITPOINT WARNING * * *
A demonic guardian appears!
You hit Natasha but do no damage.
Natasha is heavily wounded.
The cerulean imp barely misses you. Natasha claws you.
You die...
Natasha begins licking her fur clean.

## #.... ... #.... ########...
#.... ##...##... ###.# ##.....#.#
##.# #........#### #...
#...........# #..# ##....5......#
##..# ##...)..h@5...## ###...#
#.รท#.....#.....# ##...#.# #
######.#....<<......####......#
###......................#.#.####
.>..#####........#######...#.#
#.### #.#.....## #..###.#
...######.##...## ##..###.#
.#.....##.###### #....##.####
.#####....###### #.##>.......


You could see Natasha (ally target), a cerulean imp (summoned) and a friendly
shadow imp (summoned).

Vanquished Creatures
  3 adders (D:2)
  A dart slug (D:2)
  An orc (D:3)
  5 ball pythons
  5 bats
  7 endoplasms
  A giant cockroach (D:3)
  3 goblins
  4 hobgoblins
  3 quokkas
  2 frilled lizards (D:2)
  9 kobolds
  8 rats
52 creatures vanquished.

Vanquished Creatures (collateral kills)
  Natasha (D:3)
  A ribbon worm (D:2)
  A ball python (D:2)
  An endoplasm (D:3)
  A hobgoblin (D:2)
  A kobold (D:1)
  A rat (D:1)
7 creatures vanquished.

Grand Total: 59 creatures vanquished

Notes
Turn   | Place    | Note
-------+----------+-------------------------------------------
     0 | D:1      | javelincjr the Demonspawn Warper began the quest for the
                  | Orb.
     0 | D:1      | Reached XP level 1. HP: 16/16 MP: 3/3
   138 | D:1      | Reached skill level 1 in Armour
   271 | D:1      | Gained mutation: A weak demonic guardian rushes to your
                  | aid. [demonic ancestry]
   271 | D:1      | Reached XP level 2. HP: 22/22 MP: 5/5
   551 | D:1      | You fall into a shaft and drop 1 floor!
   763 | D:1      | Found a faded altar of an unknown god.
   856 | D:2      | Gained mutation: You have an unusually large brain. (Int
                  | +2) [demonic ancestry]
   856 | D:2      | Reached XP level 3. HP: 27/27 MP: 6/6
  1004 | D:2      | Reached skill level 3 in Translocations
  1368 | D:2      | Gained mutation: You have an extremely huge brain. (Int +4)
                  | [demonic ancestry]
  1368 | D:2      | Reached XP level 4. HP: 30/34 MP: 4/7
  1589 | D:2      | Learned a level 2 spell: Blink
  1592 | D:2      | Learned a level 2 spell: Lesser Beckoning
  1617 | D:3      | Noticed Natasha
  1624 | D:3      | Killed Natasha
  2037 | D:3      | Noticed Natasha
  2056 | D:3      | Slain by Natasha

Illustrated notes

Levels and vault maps discovered:
D:1:      dpeg_arrival_fog, layout_loops_ring, basic_ecumenical_altar,
          due_unseen_surprise
D:2:      layout_loops_cross, basic_altar, minivault_26, minmay_pentomino_s2
D:3:      layout_rooms, uniq_natasha

Skill      XL: |  1  2  3 |
---------------+----------+-----
Armour         | 1 |  1.6
Polearms       | 2 |  2.4
Dodging        | 2 |  2.4
Translocations | 3 |  3.1
Fighting       | |  2.6
Throwing       | |  0.8
Spellcasting   | |  2.6

Action                     |  1- 3 |  4- 6 || total
---------------------------+-------+-------++-------
  Melee: Spear             |   164 |    71 ||   235
 Armour: Leather armour    |    69 |    53 ||   122
  Dodge: Dodged            |    70 |    47 ||   117

Table legend: (Time is in decaauts)
 A = Elapsed time spent in this place.
 B = Non-inter-level travel time spent in this place.
 C = Inter-level travel time spent in this place.
 D = Time resting spent in this place.
 E = Time spent auto-exploring this place.
 F = Levels seen in this place.
 G = Mean time per level.
                   A        B        C        D        E       F      G
               +--------+--------+--------+--------+--------+-----+--------+
         Total |   2059 |   2034 |     25 |      0 |   1542 |   3 |  686.3 |
       Dungeon |   2059 |   2034 |     25 |      0 |   1542 |   3 |  686.3 |
               +--------+--------+--------+--------+--------+-----+--------+

Top non-repeatable levels by time:
     D:2: 864 daAuts
     D:1: 751 daAuts
     D:3: 443 daAuts
